 Dungeon Crawl Stone Soup version 0.21.1-1-g345015f (webtiles) character file.

3251 polve the Cleaver (level 9, -8/85 (86) HPs)
             Began as a Hill Orc Berserker on Feb 26, 2018.
             Was an Elder of Trog.
             Mangled by polve's ghost (11 damage)
             ... on level 8 of the Dungeon.
             The game lasted 00:11:30 (13121 turns).

polve the Cleaver (Hill Orc Berserker)             Turns: 13121, Time: 00:11:31

HP:   -8/85 (86)    AC: 11    Str: 20    XL:     9   Next: 99%
MP:   9/9           EV:  8    Int:  7    God:    Trog [****..]
Gold: 381           SH:  0    Dex: 13    Spells: 8/8 levels left

rFire    . . .     SeeInvis .   E - +0 war axe
rCold    . . .     Gourm    .   (no shield)
rNeg     + . .     Faith    +   m - +0 chain mail
rPois    .         Spirit   .   n - +0 helmet
rElec    .         Reflect  .   (no cloak)
rCorr    .         Harm     .   (no gloves)
MR       .....                  (no boots)
Stlth    ..........             w - amulet of faith (curse)
HPRegen  0.24/turn              D - ring of positive energy
MPRegen  0.11/turn              x - ring of stealth

@: berserk cooldown, slowed, very slow
A: no striking features
a: Berserk, Trog's Hand, Brothers in Arms, Burn Spellbooks, Renounce Religion


You were on level 8 of the Dungeon.
You worshipped Trog.
Trog was greatly pleased with you.
You were very hungry.

You visited 1 branch of the dungeon, and saw 8 of its levels.
You also visited: Ossuary.

You collected 472 gold pieces.
You spent 91 gold pieces at shops.

Inventory:

Hand Weapons
 E - a +0 war axe (weapon)
Missiles
 y - 6 steel javelins (quivered)
Armour
 m - a +0 chain mail (worn)
 n - a +0 helmet (worn)
Jewellery
 w - a cursed amulet of faith (around neck)
 x - a ring of stealth (right hand)
 D - a ring of positive energy (left hand)
Scrolls
 a - a scroll of acquirement {unknown}
 b - a scroll of random uselessness {unknown}
 d - 3 scrolls of fear {unknown}
 e - a scroll of noise {unknown}
 f - 10 scrolls of identify {unknown}
 i - 3 scrolls of remove curse {unknown}
 o - 4 scrolls of fog {unknown}
 p - 2 scrolls of blinking {unknown}
 r - a scroll of silence {unknown}
 t - 8 scrolls of teleportation
 u - 4 scrolls of magic mapping {unknown}
Potions
 g - 6 potions of agility {unknown}
 h - 2 potions of flight {unknown}
 j - 6 potions of curing {unknown}
 k - 2 potions of degeneration {unknown}
 l - 4 potions of lignification {unknown}
 q - 2 potions of berserk rage {unknown}
 s - 2 potions of ambrosia {unknown}
 z - a potion of cancellation {unknown}
 A - 2 potions of brilliance {unknown}
 B - 2 potions of might
Books
 v - a book of Maledictions

   Spells                             Type                      Level
   a - Corona                         Hexes                        1
   b - Ensorcelled Hibernation        Hexes/Ice                    2
   c - Confuse                        Hexes                        3
   d - Tukima's Dance                 Hexes                        3
   e - Dazzling Spray                 Conjuration/Hexes            3
   Trog disapproves of the use of such an item.
 C - a book of Power

   Spells                             Type                      Level
   a - Iskenderun's Battlesphere      Conjuration/Charms           5
   b - Venom Bolt                     Conjuration/Poison           5
   c - Bolt of Magma                  Conjuration/Fire/Earth       5
   d - Iron Shot                      Conjuration/Earth            6
   e - Orb of Destruction             Conjuration                  7
   f - Spellforged Servitor           Conjuration/Summoning        7
   Trog disapproves of the use of such an item.
Comestibles
 c - 8 rations


   Skills:
 + Level 10.9 Fighting
 + Level 11.8 Axes
 - Level 7.0 Armour
 - Level 1.5 Dodging


You had 8 spell levels left.
You didn't know any spells.

Dungeon Overview and Level Annotations

Branches:
Dungeon (8/15)             Temple (0/1) D:4
   Lair: D:8-11

Altars:
Cheibriados
Dithmenos
Fedhas
Gozag
Hepliaklqana
Kikubaaqudgha
Makhleb
Ru
The Shining One

Shops:
D:5 *}   D:7 *

Annotations:
D:8 polve's ghost, novice MiGl


Message History

Polve's ghost is severely damaged.
Polve's ghost hits you!!
* * * LOW HITPOINT WARNING * * *
You miss polve's ghost.
Polve's ghost is severely damaged.
Polve's ghost hits you.
* * * LOW HITPOINT WARNING * * *
Polve's ghost hits you!
* * * LOW HITPOINT WARNING * * *
You hit polve's ghost.
Polve's ghost is severely damaged.
Polve's ghost hits you but does no damage.
You miss polve's ghost.
Polve's ghost is severely damaged.
Polve's ghost closely misses you.
You slash polve's ghost!
Polve's ghost is almost destroyed.
Polve's ghost wails.
Polve's ghost hits you!
You die...

#.....................#...≈#
#...........########..######
#...........#.........#
#...........#.........#
#...........#.........#
#...........#<........#
#.##..###+###.........##########
##..##..####'####.............
#............@W.#.............
#...............#.............
#...............#.............
#.......##......#.....>.......
##......#########.....>.......
#########......'...........(.
#.......#.........>...
#.......#######'###'##
#........#.......#....


You could see polve's ghost.

Vanquished Creatures
  A hornet (D:7)
  A hippogriff (D:7)
  A hungry ghost (D:8)
  A phantom (D:6)
  An ice beast (D:7)
  A necrophage (D:7)
  6 ogres
  4 centaurs
  An elf zombie (D:7)
  A bullfrog (D:7)
  Blork the orc (D:4)
  An elf skeleton (D:7)
  2 troll zombies (D:7)
  A wight (D:7)
  An electric eel (D:8)
  The ghost of letownia2 the Digger, a weakling FoEE (D:3)
  3 crimson imps
  A howler monkey (D:7)
  A quasit (D:8)
  A bullfrog zombie (D:7)
  A hound (D:4)
  3 jellies
  A centaur skeleton (D:6)
  3 human zombies (D:7)
  4 orc wizards
  2 iguanas
  3 worker ants
  A killer bee zombie (D:7)
  2 ogre zombies (D:7)
  An ogre skeleton (D:7)
  12 mummies (Ossuary)
  7 gnolls
  10 adders
  2 shadow imps
  2 oozes
  An adder skeleton (D:4)
  2 worms (D:2)
  3 dart slugs
  7 leopard geckos
  11 orcs
  10 bats
  4 giant cockroaches
  2 hobgoblins (D:2)
  7 jackals
  8 kobolds
  10 quokkas
  4 ball pythons
  5 frilled lizards
  A gnoll skeleton (Ossuary)
  7 goblins
  2 goblin skeletons (Ossuary)
  2 jackal skeletons (D:5)
  A jackal zombie (D:5)
  A kobold skeleton (Ossuary)
  4 orc skeletons (Ossuary)
  2 quokka skeletons
  2 quokka zombies
  8 rats
  11 rat skeletons (Ossuary)
  A rat zombie (D:4)
201 creatures vanquished.

Notes
Turn   | Place    | Note
-------+----------+-------------------------------------------
     0 | D:1      | polve the Hill Orc Berserker began the quest for the Orb.
     0 | D:1      | Reached XP level 1. HP: 19/19 MP: 1/1
   402 | D:1      | Reached XP level 2. HP: 27/27 MP: 2/2
   619 | D:1      | Reached ** piety under Trog
   988 | D:1      | Reached XP level 3. HP: 33/34 MP: 3/3
  1419 | D:2      | Reached skill level 5 in Axes
  1914 | D:2      | Reached XP level 4. HP: 24/41 MP: 4/4
  2390 | D:2      | Noticed a centaur
  2407 | D:2      | Killed a centaur
  2407 | D:2      | Reached skill level 5 in Fighting
  2407 | D:2      | Reached XP level 5. HP: 11/48 MP: 5/5
  3467 | D:3      | Found a shadowy altar of Dithmenos.
  3553 | D:3      | Noticed letownia2's ghost (weakling FoEE)
  3568 | D:3      | Killed letownia2's ghost
  3568 | D:3      | Reached skill level 6 in Axes
  3568 | D:3      | Reached XP level 6. HP: 56/56 MP: 6/6
  4732 | D:4      | Found a blossoming altar of Fedhas.
  4778 | D:4      | Reached *** piety under Trog
  5063 | D:4      | Found a staircase to the Ecumenical Temple.
  5071 | D:4      | Found a sand-covered staircase.
  5080 | Ossuary  | Entered an ossuary
  5988 | Ossuary  | Reached skill level 5 in Armour
  5988 | Ossuary  | Reached XP level 7. HP: 50/63 MP: 7/7
  6817 | D:4      | Noticed Blork the orc
  6831 | D:4      | Killed Blork the orc
  7009 | D:5      | Entered Level 5 of the Dungeon
  7099 | D:5      | Reached **** piety under Trog
  7099 | D:5      | Reached skill level 7 in Axes
  7541 | D:5      | Found Porui's Gadget Shop.
  7547 | D:5      | Reached XP level 8. HP: 71/71 MP: 8/8
  7611 | D:5      | Received a gift from Trog
  7631 | D:5      | Found a snail-covered altar of Cheibriados.
  8005 | D:5      | Found Estroliogg's General Store.
  8072 | D:5      | Bought a scroll of teleportation for 39 gold pieces
  8072 | D:5      | Bought a potion of might for 52 gold pieces
  8603 | D:6      | Found a glowing golden altar of the Shining One.
  8626 | D:6      | Reached skill level 8 in Axes
  9039 | D:6      | Found a burning altar of Makhleb.
  9346 | D:6      | Found a sacrificial altar of Ru.
  9441 | D:6      | Reached skill level 9 in Axes
  9961 | D:7      | Noticed a hippogriff
  9977 | D:7      | Killed a hippogriff
  9977 | D:7      | Reached XP level 9. HP: 49/83 MP: 9/9
 10296 | D:7      | Reached skill level 10 in Axes
 10994 | D:7      | Found Gozag's Platinum Reserve.
 10997 | D:7      | Found an opulent altar of Gozag.
 11078 | D:7      | Noticed a hornet
 11085 | D:7      | Paralysed by a hornet for 1 turns
 11087 | D:7      | Killed a hornet
 11351 | D:7      | Reached skill level 10 in Fighting
 11586 | D:7      | Found an ancient bone altar of Kikubaaqudgha.
 11694 | D:7      | Reached skill level 11 in Axes
 12332 | D:7      | Found a hazy altar of Hepliaklqana.
 13095 | D:8      | Noticed polve's ghost (novice MiGl)
 13118 | D:8      | HP: 2/85 [polve's ghost (7)]
 13121 | D:8      | Mangled by polve's ghost

Skill      XL: |  1  2  3  4  5  6  7  8  9 |
---------------+----------------------------+-----
Fighting       | 4 5 6 9 10 | 10.9
Axes           | 5 6 7 9 11 | 11.8
Armour         | 3 5 6 7 |  7.0
Dodging        | |  1.5

Action                   |  1- 3 |  4- 6 |  7- 9 || total
-------------------------+-------+-------+-------++-------
Melee: Hand axe          |   122 |   322 |   611 ||  1055
       War axe           |       |       |    34 ||    34
Invok: Berserk           |     2 |     4 |    12 ||    18
  Eat: Chunk             |     4 |    11 |    11 ||    26
       Ration            |       |     2 |     7 ||     9
Armor: Animal skin       |    32 |     2 |       ||    34
       Chain mail        |       |   123 |   296 ||   419
Dodge: Dodged            |    88 |   124 |   199 ||   411
